[Event "4NCL 2022-2023"]
[Site "Daventry"]
[Date "2023.03.19"]
[Round "8.5"]
[White "Williams, Simon K"]
[Black "Toma, Katarzyna"]
[Result "1-0"]
[ECO "E60"]
[WhiteElo "2465"]
[BlackElo "2231"]
[Annotator "TA"]
[PlyCount "55"]
[EventDate "2022.10.20"]
[EventType "team-tourn"]
[EventCountry "ENG"]
[SourceTitle "playchess.com"]
[Source "ChessBase"]
[SourceQuality "1"]
[TimeControl "40/6000+30:2400+30"]

1. d4 Nf6 2. c4 g6 3. h4 Bg7 4. Nc3 d5 5. h5 Nxh5 6. cxd5 {[%emt 0:00:21] E60: King's Indian: Unusual lines and Fianchetto Variation without Nc3.} c6 7. e4 cxd5 8. e5 {[%emt 0:00:06] White is slightly better.} (8. exd5 $6 O-O $11) (8. Nxd5 Nc6 $11) 8... Bf8 $1 9. Nf3 Ng7 10. Qb3 Nc6 11. Qxd5 (11. Nxd5 Be6 12. Bc4 (12. Qxb7 $2 Bxd5 13. Bb5 Qc8 $19) 12... Nf5 $11) 11... Bg4 {[%emt 0:04:33] [#] ...Qxd5 is the strong threat.} 12. Qb3 $146 (12. Ng5 $14 Qxd5 13. Nxd5) ({Predecessor:} 12. Qb5 Qd7 13. d5 Bxf3 14. gxf3 Nxe5 15. Qe2 f6 16. f4 Nf7 17. Ne4 O-O-O 18. Bg2 {0-1 Palliser,R (2413)-Kolani,A (1913) BCF-chT 2122 (4NCL) 2021 (7.65)}) 12... Qb6 (12... Bxf3 $15 13. gxf3 Nxd4) 13. Be3 (13. Qxb6 $14 axb6 14. Be3) 13... Qxb3 $1 $11 14. axb3 {[%emt 0:00:05] Threatens to win with d5.} Bxf3 15. gxf3 {[%emt 0:00:04] With the idea d5.} e6 16. Bb5 Be7 (16... Nf5 $11 {keeps the balance.}) 17. d5 $16 {[%emt 0:00:29] White is much more active.} exd5 18. Nxd5 (18. Rxa7 Rxa7 19. Bxa7 Kd7 $11) 18... Ne6 {[%emt 0:05:38] [#] Repels Nc7+} (18... Bd8 $16 {is a better defense.}) 19. Rc1 $2 (19. Bxa7 Kf8 20. Bxc6 bxc6 21. Nxe7 Kxe7 $11) (19. Rxa7 Rxa7 20. Bxa7 h5 $14) (19. Nb6 $1 $18 Rd8 20. Rxa7) 19... Rd8 {[%emt 0:05:31] [#]} ({Black should try} 19... Rc8 $14) 20. Rxc6 $1 $18 {[%emt 0:01:08] White is clearly better.} (20. Bxc6+ bxc6 21. Nxe7 Kxe7 $11) 20... bxc6 21. Bxc6+ Rd7 22. Bxa7 ({Much less strong is} 22. Bxd7+ $6 Kxd7 23. Ke2 (23. Bxa7 h5 $16) 23... a5 $16) 22... Kd8 23. Bb6+ ({Don't do} 23. Bxd7 $6 Kxd7 24. Ke2 h5 $16) 23... Kc8 24. O-O {[%emt 0:01:10] Black must now prevent Ra1.} ({Resist} 24. Bxd7+ $6 Kxd7 25. f4 h5 $16) 24... Rxd5 25. Bxd5 {[%emt 0:00:10] Strongly threatening Rc1+. This pair of bishops is nice.} Kd7 26. Ra1 {[%emt 0:08:24] aiming for Ra7+.} Rb8 27. Ra7+ Ke8 28. Be3 {[%emt 0:00:21] Weighted Error Value: White=0.26 (precise) /Black=0.37} 1-0

[Event "4NCL 2022-2023"]
[Site "Daventry"]
[Date "2023.03.19"]
[Round "8.6"]
[White "Haydon, David L"]
[Black "Eggleston, David J"]
[Result "1/2-1/2"]
[ECO "E11"]
[WhiteElo "2268"]
[BlackElo "2364"]
[Annotator "TA"]
[PlyCount "30"]
[EventDate "2022.10.20"]
[EventType "team-tourn"]
[EventCountry "ENG"]
[SourceTitle "playchess.com"]
[Source "ChessBase"]
[SourceQuality "1"]
[TimeControl "40/6000+30:2400+30"]

1. d4 e6 2. c4 Nf6 3. Nf3 Bb4+ 4. Bd2 Bxd2+ 5. Nbxd2 d6 6. Qc2 {[%emt 0:04:40][%cal Og2g4] E11: Bogo-Indian.} O-O 7. e3 b6 8. Bd3 {[%emt 0:01:49] White is slightly better.} Bb7 9. O-O c5 10. dxc5 bxc5 {[%emt 0:07:43] [#]} 11. Ne4 $146 ({Predecessor:} 11. Rad1 Qe7 12. Ng5 h6 13. Nge4 Nxe4 14. Nxe4 f5 15. Nd2 Qg5 16. e4 Qg6 17. f3 {½-½ Vaitsiakhouski,Y (1466)-Ishikawa,T Wch U12 Maribor 2012 (7.82)}) 11... Nxe4 12. Bxe4 Bxe4 13. Qxe4 Nd7 14. Rfd1 Nb6 15. b3 d5 {[%emt 0:01:41] Weighted Error Value: White=0.11 (very precise) /Black=0.10 (very precise)} 1/2-1/2

[Event "4NCL 2022-2023"]
[Site "Daventry"]
[Date "2023.03.19"]
[Round "8.7"]
[White "Arkell, Keith C"]
[Black "Fitzsimons, David"]
[Result "1/2-1/2"]
[ECO "A30"]
[WhiteElo "2404"]
[BlackElo "2342"]
[Annotator "TA"]
[PlyCount "47"]
[EventDate "2022.10.20"]
[EventType "team-tourn"]
[EventCountry "ENG"]
[SourceTitle "playchess.com"]
[Source "ChessBase"]
[SourceQuality "1"]
[TimeControl "40/6000+30:2400+30"]

1. c4 Nf6 2. Nf3 c5 3. g3 b6 4. Bg2 Bb7 5. O-O e6 6. Nc3 Be7 7. Re1 d5 8. cxd5 Nxd5 $1 {[%emt 0:00:07] 8...Nxd5 scores better than 8...exd5.} 9. Nxd5 {[%emt 0:00:38] A30: Symmetrical English: Double Fianchetto and Hedgehog.} Bxd5 10. e4 Bb7 11. d4 {[%emt 0:00:30] White has an edge.} cxd4 12. Nxd4 O-O 13. Be3 Nd7 14. Rc1 Rc8 {[%emt 0:06:49] [#]} 15. Rxc8 $146 ({Predecessor:} 15. Qe2 Rxc1 16. Rxc1 Bc5 17. Rd1 Qe7 18. a3 a5 19. Qb5 Nb8 20. Nc2 Rd8 21. Qe2 {0-1 Andonov,B (2380)-Kholmov,R (2485) Frunze 1989}) 15... Qxc8 16. Qa4 {[%emt 0:08:17] [#] Rc1 is the strong threat.} a6 17. Rc1 Nc5 18. Qd1 {[%emt 0:01:18] Threatens to win with b4.} (18. Qc2 $5 ) 18... Qd7 19. Qc2 (19. Nb3 $5 ) 19... Rc8 {[%emt 0:03:16][%cal Oc5e4] The position is equal.} 20. Qb1 (20. e5 $5 Nb3 21. Qxb3 Rxc1+ 22. Bxc1 Bxg2 23. Kxg2 (23. Qxb6 Bh3 $17) 23... Qxd4 24. Be3 Qxe5 25. Bxb6 $11) 20... Bf6 21. Ne2 Qd3 22. Qxd3 Nxd3 23. Rxc8+ Bxc8 24. b3 {[%emt 0:06:20] A rather calm draw.   Weighted Error Value: White=0.09 (flawless) /Black=0.08 (flawless)} 1/2-1/2

[Event "4NCL 2022-2023"]
[Site "Daventry"]
[Date "2023.03.19"]
[Round "8.8"]
[White "O`Gorman, Tom"]
[Black "Steil-Antoni, Fiona"]
[Result "1-0"]
[ECO "D35"]
[WhiteElo "2357"]
[BlackElo "2195"]
[Annotator "TA"]
[PlyCount "79"]
[EventDate "2022.10.20"]
[EventType "team-tourn"]
[EventCountry "ENG"]
[SourceTitle "playchess.com"]
[Source "ChessBase"]
[SourceQuality "1"]
[TimeControl "40/6000+30:2400+30"]

1. d4 d5 2. c4 e6 3. Nc3 Be7 4. cxd5 exd5 5. Bf4 Nf6 6. e3 c6 7. Bd3 O-O 8. Qc2 Re8 {[%emt 0:01:54] is the legacy move (8...Nbd7).} 9. Nf3 Nbd7 10. a3 {[%emt 0:13:21] D35: Queen's Gambit Declined: Exchange Variation.} Nf8 11. O-O Ng6 12. Bg5 {[%emt 0:00:53] The position is equal.} Ne4 {[%emt 0:04:33][%mdl 64] Discovered Attack} 13. Bxe7 (13. Nxe4 $2 dxe4 14. Bxe4 (14. Bxe7 $2 Qxe7 15. Bxe4 Qxe4 $19) 14... Bxg5 $19) 13... Qxe7 14. b4 {[%emt 0:04:33] [#]} Nxc3 $146 ({Predecessor:} 14... a6 15. Rab1 Bg4 16. Bxe4 dxe4 17. Nd2 Bf5 18. Rfe1 Nh4 19. d5 Qg5 20. g3 Nf3+ 21. Nxf3 exf3 {0-1 Geletzke,H (1561)-Weimert,M (1710) GER-chT U14 Girls 2016 (4.1)}) 15. Qxc3 a6 (15... Bg4 $5 16. Nd2 Qg5 $11) 16. Qc2 Bd7 (16... Bg4 $5 ) 17. Rab1 Reb8 (17... Bg4 $5 ) 18. a4 Qd6 19. Rfc1 Be8 20. Nd2 Nf8 21. Nb3 h6 22. Nc5 Ne6 23. Bh7+ Kh8 {[%emt 0:00:49] [#] aiming for ...g6.} 24. Bf5 Nf8 25. g3 {[%emt 0:02:35] Black is weak on the dark squares} g6 26. Bh3 f5 27. Bf1 Qf6 28. b5 {[%emt 0:02:33] White is much more active. The black rooks are badly placed.} axb5 29. axb5 Ne6 30. Nd3 g5 (30... Ng5 $16 {was called for.} 31. bxc6 bxc6 32. Rxb8 Rxb8) 31. f4 (31. bxc6 $18 bxc6 32. Rxb8 Rxb8 33. Ra1) 31... gxf4 $16 32. gxf4 Bh5 33. Ne5 ({Better is} 33. Kh1 $16) 33... Rg8+ $11 34. Kh1 $1 (34. Bg2 c5 35. Qf2 (35. dxc5 d4 $17) 35... cxd4 $15) 34... Rg7 (34... Qg7 $2 35. Bh3 (35. Qxf5 $2 Qg1#) 35... Qf6 36. Qxf5 Qxf5 37. Bxf5 $18) (34... c5 $1 $11) 35. Bh3 ({Much less strong is} 35. bxc6 bxc6 36. Bh3 (36. Qxc6 $2 {too greedy.} Rag8 $19) 36... Rf8) (35. Be2 $142 Bxe2 36. Qxe2) 35... Rf8 (35... c5 $16) 36. Rg1 $36 {[%emt 0:01:08][%mdl 2048] Black is under strong pressure.} Qh4 $2 (36... Be8 37. bxc6 Rxg1+ 38. Kxg1 bxc6) 37. Bxf5 {[%emt 0:00:54] White is clearly winning.} Rxg1+ 38. Rxg1 Nxd4 39. exd4 Qxf4 {[%emt 0:00:03] [#]} 40. Qg2 $1 {[%emt 0:00:51] Weighted Error Value: White=0.21 (precise) /Black=0.28 (precise)} 1-0

[Event "4NCL 2022-2023"]
[Site "Daventry"]
[Date "2023.03.19"]
[Round "8.9"]
[White "Roberson, Peter T"]
[Black "Rowson, Jonathan"]
[Result "1/2-1/2"]
[ECO "C84"]
[WhiteElo "2426"]
[BlackElo "2547"]
[Annotator "TA"]
[PlyCount "94"]
[EventDate "2022.10.20"]
[EventType "team-tourn"]
[EventCountry "ENG"]
[SourceTitle "playchess.com"]
[Source "ChessBase"]
[SourceQuality "1"]
[TimeControl "40/6000+30:2400+30"]

1. e4 {[%emt 0:00:03] Erenburg,Sergey} e5 2. Nf3 Nc6 3. Bb5 a6 4. Ba4 Nf6 5. O-O Be7 6. d3 d6 7. c3 O-O 8. Re1 b5 {[%emt 0:02:20] 8...Re8 is the modern continuation.} 9. Bc2 d5 10. Nbd2 {[%emt 0:00:33] C84: Closed Ruy Lopez: Unusual White 6th moves.} dxe4 11. dxe4 Be6 12. a4 {[%emt 0:06:42] White is slightly better. has lost popularity (12.Qe2).} b4 {[%emt 0:05:15] [#]} 13. a5 $146 ({Predecessor:} 13. Qe2 Qc8 14. Nc4 Nd7 15. a5 f6 16. Ne3 b3 17. Bb1 Bd6 18. Nd5 Bxd5 19. exd5 {1-0 Movsesian,S (2698)-Almasi,Z (2713) Olympiad-40 Istanbul 2012 (11.2)}) 13... bxc3 14. bxc3 Bd6 15. Qe2 Qe7 16. Nc4 Rfb8 17. h3 (17. Bg5 $14) 17... h6 18. Nh4 Bc5 19. Nf5 Qf8 20. Nce3 Kh8 21. Qf3 Ng8 22. Nd5 Ra7 23. Qg3 f6 24. Be3 Bxe3 25. Qxe3 {[%emt 0:03:19] [#] Hoping for Ba4.} ({Don't do} 25. Rxe3 Bxf5 26. exf5 Rb2 $14) ({Much worse is} 25. Nfxe3 $6 Qc5 $11) (25. Ndxe3 Nge7 $11) 25... Rab7 26. Reb1 {[%emt 0:05:03] White has more active pieces.} (26. Red1 $16) 26... Rxb1+ $14 27. Rxb1 Rxb1+ 28. Bxb1 Qb8 29. Bd3 {[%emt 0:01:07] [#] And now Qc5 would win.} Nxa5 30. Qc5 (30. Bxa6 $2 {too greedy.} Bxd5 31. exd5 Qb1+ 32. Kh2 Qxf5 $19) 30... Nb3 31. Qxc7 (31. Qc6 $5 Bxf5 32. exf5 $14) 31... Qxc7 {[%emt 0:00:19] The position is equal.} 32. Nxc7 Bxf5 33. exf5 {[%emt 0:00:02][%mdl 4096] Endgame KBN-KNN} a5 34. Nd5 {[%emt 0:03:50] Prevents Ne7.} h5 35. Bc4 a4 36. f3 $1 h4 37. Kf2 Kh7 38. Ke3 Nc5 39. f4 a3 40. Ba2 $1 g6 41. fxe5 fxe5 42. f6 {[%emt 0:06:18] Threatens to win with f7.} Nh6 43. Nc7 g5 44. f7 Kg7 45. Nb5 Nxf7 46. Bxf7 Kxf7 47. Nxa3 Ke6 {[%emt 0:31:32] Weighted Error Value: White=0.07 (flawless) /Black=0.06 (flawless)} 1/2-1/2

[Event "4NCL 2022-2023"]
[Site "Daventry"]
[Date "2023.03.19"]
[Round "8.10"]
[White "Adair, James R"]
[Black "Clarke, Brandon G I"]
[Result "1/2-1/2"]
[ECO "B76"]
[WhiteElo "2449"]
[BlackElo "2475"]
[Annotator "TA"]
[PlyCount "35"]
[EventDate "2022.10.20"]
[EventType "team-tourn"]
[EventCountry "ENG"]
[SourceTitle "playchess.com"]
[Source "ChessBase"]
[SourceQuality "1"]
[TimeControl "40/6000+30:2400+30"]

1. Nf3 g6 2. e4 c5 3. d4 cxd4 4. Nxd4 Nf6 5. Nc3 d6 6. Be3 Bg7 7. f3 O-O 8. Qd2 Nc6 9. O-O-O d5 10. exd5 Nxd5 11. Nxc6 bxc6 12. Bd4 e5 13. Bc5 Re8 14. Ne4 {[%emt 0:07:31] B76: Sicilian Dragon: Yugoslav Attack, 9 g4 and 9 0-0-0.} Qc7 {[%emt 0:00:20] 14...Qc7 scores better than 14...Be6.} 15. Bd6 Qb6 16. Bc5 Qc7 {[%emt 0:00:47] [#]} 17. Bd6 $146 {[%emt 0:00:06] White is more active.} (17. h4 $5) ({Predecessor:} 17. h4 Rd8 18. h5 f5 19. Ng5 h6 20. Bc4 Bf6 21. Nh3 g5 22. Nf2 Kg7 23. Rhe1 Rb8 24. g4 Nb6 {1-0 Sosa,T (2514)-Martin Gonzalez,A (2314) Barcelona GM 08 2020 (4)}) 17... Qb6 18. Bc5 {[%emt 0:00:47] White got outplayed after the opening.   Weighted Error Value: White=0.29 (precise) /Black=0.02 (flawless)} 1/2-1/2

[Event "4NCL 2022-2023"]
[Site "Daventry"]
[Date "2023.03.19"]
[Round "8.11"]
[White "Grieve, Harry"]
[Black "Colovic, Aleksandar"]
[Result "1/2-1/2"]
[ECO "C42"]
[WhiteElo "2442"]
[BlackElo "2440"]
[Annotator "TA"]
[PlyCount "77"]
[EventDate "2022.10.20"]
[EventType "team-tourn"]
[EventCountry "ENG"]
[SourceTitle "playchess.com"]
[Source "ChessBase"]
[SourceQuality "1"]
[TimeControl "40/6000+30:2400+30"]

1. e4 e5 2. Nf3 Nf6 3. Nxe5 d6 4. Nf3 Nxe4 5. d4 d5 6. Bd3 Be7 7. O-O Nc6 8. Nbd2 Bf5 $1 {[%emt 0:01:39][%mdl 4] is now more promising than 8...Nxd2.} 9. Re1 Nxd2 {[%emt 0:03:06] C42: Petroff Defence: 3 Nxe5 and unusual White 3rd moves.} 10. Qxd2 ({Reject} 10. Bxf5 Nxf3+ 11. gxf3 (11. Qxf3 Nxd4 12. Qh5 Nxf5 $15) 11... O-O $11) 10... Qd7 {[%emt 0:00:05] [#]} 11. Ne5 $146 ({Predecessor:} 11. Bxf5 Qxf5 12. Ne5 Nd8 13. Qc3 Ne6 14. Bd2 Bd6 15. Re3 O-O-O 16. Rae1 Bxe5 17. Rxe5 {½-½ Aronian,L (2755)-Dominguez Perez,L (2747) USA-ch Saint Louis 2022 (2)}) 11... Nxe5 12. Bxf5 (12. Rxe5 {simplifies} Bxd3 13. Qxd3 O-O-O 14. Bf4) 12... Nf3+ $1 13. gxf3 Qxf5 14. Qb4 {[%emt 0:06:57][%csl Ge1][%cal Rb4e7] [#]} Qg6+ $1 15. Kh1 Qd6 16. Qb5+ Qc6 17. Qb4 Qd6 18. Qxb7 O-O {[%emt 0:00:49] ...Rfb8 is the strong threat.} 19. Qb3 Rab8 20. Qd3 Qf6 21. Rg1 Qh4 {[%emt 0:06:30] Dodges Bg5} 22. Rg4 Qh5 {[%emt 0:03:59][%mdl 1024] Black has compensation.} (22... Qxf2 $2 23. Bh6 Bf6 24. Rf1 $18) 23. b3 Bd6 $1 24. Rg2 Rfe8 {[%emt 0:00:42] ( -> ...Re1+)} 25. Bd2 {[%emt 0:01:24] Against Re1+} Re6 26. f4 c6 27. Rag1 g6 28. f3 Rf6 29. Rg5 Qh6 30. Qe2 Re6 31. Qg2 Rbe8 32. f5 Re2 33. Rxg6+ $1 {[%emt 0:00:04][%mdl 64] [#] Discovered Attack} fxg6 (33... hxg6 {simplifies} 34. Bxh6 Rxg2 35. Rxg2 Re1+) 34. Bxh6 {[%emt 0:00:13] Threatens to win with Qh3.} Rxg2 35. Rxg2 $11 {[%emt 0:00:31] And now Kg1 would win. KRB-KRB} Re1+ 36. Rg1 Re2 {[%emt 0:00:05][%csl Gd6,LRc2,LRh2][%cal Re2h2] The position is equal.} 37. Rg2 (37. fxg6 $2 Rxh2#) 37... Re1+ 38. Rg1 Re2 39. Rg2 {[%emt 0:00:00] Weighted Error Value: White=0.03 (flawless) /Black=0.01 (flawless)} (39. fxg6 $2 Rxh2#) 1/2-1/2

[Event "4NCL 2022-2023"]
[Site "Daventry"]
[Date "2023.03.19"]
[Round "8.12"]
[White "Emms, John M"]
[Black "Makkar, Rajat"]
[Result "1-0"]
[ECO "B10"]
[WhiteElo "2467"]
[BlackElo "2426"]
[Annotator "TA"]
[PlyCount "51"]
[EventDate "2022.10.20"]
[EventType "team-tourn"]
[EventCountry "ENG"]
[SourceTitle "playchess.com"]
[Source "ChessBase"]
[SourceQuality "1"]
[TimeControl "40/6000+30:2400+30"]

1. c4 Nf6 2. Nc3 c6 3. e4 d5 4. cxd5 cxd5 5. exd5 g6 6. Bc4 Bg7 7. Nf3 O-O 8. O-O a6 9. a4 Qa5 {[%emt 0:06:38] [#] B10: Caro-Kann: 2 d3 and 2 c4.} (9... b5 $14 {is more appropriate.} 10. axb5 Bb7) 10. Qe2 $146 (10. Ra3 $16) ({Predecessor:} 10. Ra3 Nbd7 11. d3 Nb6 12. Bd2 Qc5 13. Qb3 Nxc4 14. Qxc4 Qd6 15. Bf4 Qd8 16. Bc7 Qd7 17. Rb3 {1-0 Kalogridakis,G (2114)-Markesinis,E (2029) Nikaia op 22nd 2014 (7)}) 10... Bg4 11. h3 Bxf3 {[%emt 0:01:21] White is slightly better.} 12. Qxf3 ({But not} 12. gxf3 Nbd7 $11) 12... Nbd7 13. d4 {[%emt 0:18:44][%cal Od5d6] Inhibits Ne5.} b5 14. Bb3 (14. axb5 $2 {loses.} Qxa1 15. Bf4 Qa5 $19) 14... b4 (14... Qb4 $14 15. Ra3 Nb6) 15. Ne4 $16 Rac8 16. Nxf6+ Bxf6 (16... Nxf6 $16 17. Re1 Qc7) 17. Be3 $18 Rc7 18. Rac1 Rfc8 (18... Ra7 $142 19. d6 exd6) 19. Rc6 Rxc6 20. dxc6 {[%emt 0:00:06] White is clearly winning.} Nb8 {[%emt 0:01:18] Black is weak on the light squares} 21. d5 Bxb2 {[%emt 0:02:37] [#]} (21... Qd8 $142 22. Qg4 Bxb2) 22. d6 $1 exd6 23. Qxf7+ Kh8 24. Bd5 {[%emt 0:03:21] This pair of bishops is nice.} Qc7 25. Qxc7 Rxc7 26. Rb1 {[%emt 0:01:14] White took control after the opening.   Weighted Error Value: White=0.26 (precise) /Black=0.51} 1-0

[Event "4NCL 2022-2023"]
[Site "Daventry"]
[Date "2023.03.19"]
[Round "8.13"]
[White "Moreby, James"]
[Black "Wells, Peter K"]
[Result "1/2-1/2"]
[ECO "A13"]
[WhiteElo "2353"]
[BlackElo "2361"]
[Annotator "TA"]
[PlyCount "34"]
[EventDate "2022.10.20"]
[EventType "team-tourn"]
[EventCountry "ENG"]
[SourceTitle "playchess.com"]
[Source "ChessBase"]
[SourceQuality "1"]
[TimeControl "40/6000+30:2400+30"]

1. c4 e6 2. g3 d5 3. Bg2 Nf6 4. Nf3 dxc4 5. Na3 Bxa3 6. bxa3 {[%emt 0:00:02] White is weak on the light squares} b5 {[%emt 0:05:14] A13: English Opening: 1...e6.} 7. Ne5 Nd5 $1 ({Don't play} 7... Qd4 8. Rb1 Ne4 9. Ng4 $14) 8. d3 Qf6 9. f4 (9. Bf4 $11) 9... Nd7 $1 $15 10. dxc4 bxc4 11. Bxd5 {[%emt 0:10:41] [#] White did not feel at home in the position after the opening.   Weighted Error Value: White=0.16 (very precise) /Black=0.01 (flawless)} {Predecessor:} exd5 $146 12. Qxd5 Rb8 13. Qxc4 Nxe5 14. fxe5 Qxe5 15. O-O O-O 16. Bf4 Qh5 17. Bxc7 Rb2 {0-1 Milchev,N (2421)-Rusev,K (2516) BUL-ch Panagyurishte 2012 (10)} 1/2-1/2

[Event "4NCL 2022-2023"]
[Site "Daventry"]
[Date "2023.03.19"]
[Round "8.14"]
[White "Camacho Collados, Marcos"]
[Black "Rendle, Thomas E"]
[Result "1-0"]
[ECO "A07"]
[WhiteElo "2460"]
[BlackElo "2380"]
[Annotator "TA"]
[PlyCount "141"]
[EventDate "2022.10.20"]
[EventType "team-tourn"]
[EventCountry "ENG"]
[SourceTitle "playchess.com"]
[Source "ChessBase"]
[SourceQuality "1"]
[TimeControl "40/6000+30:2400+30"]

1. Nf3 d5 2. g3 g6 3. Bg2 Bg7 4. O-O e5 5. d3 Nc6 6. Nbd2 Nge7 7. e4 O-O 8. exd5 Nxd5 9. Re1 Re8 10. a4 a5 11. c3 h6 12. Nc4 Bf5 13. Nh4 Be6 14. Nf3 Bf5 15. h3 {[%emt 0:01:11][%cal Bh2h3,Bh3h4][%mdl 32] A07: Réti Opening: New York and Capablanca Systems.} g5 16. h4 g4 17. Nh2 {[%emt 0:03:43] White has an edge.} Qd7 18. Be4 h5 {[%emt 0:14:25] [#]} 19. Bg5 $146 (19. f3 $1 $14) ({Predecessor:} 19. f3 Nde7 20. fxg4 hxg4 21. h5 Be6 22. h6 Bf8 23. Qd2 f6 24. Rf1 Nd5 25. Qf2 Be7 26. Ne3 Nxe3 27. Bxe3 {½-½ La Candia,J (2313)-Hrvacic,P (2297) IECG CM.2002.0.00205 email}) 19... f6 $11 20. Bd2 Be6 21. Bg6 Bf7 22. Bxf7+ Qxf7 23. Qb3 {[%emt 0:07:01] [#]} (23. f3 $1 $11) 23... Nb6 24. Be3 Nxc4 25. dxc4 Ne7 26. Rad1 Nf5 27. Qxb7 Qxc4 28. b3 Qf7 (28... Qxc3 $2 29. Qd5+ (29. Rc1 Qd3 $11) 29... Kh8 30. Qf7 $18) 29. Bc5 Bf8 30. Bxf8 Rxf8 31. Qc6 Rad8 {[%emt 0:01:54] Repels Rd7} 32. Nf1 Rd6 (32... Qxb3 $2 33. Rxd8 Rxd8 34. Qxf6 $18) (32... Rxd1 33. Rxd1 Qxb3 34. Rd7 $16) (32... Kg7 $1 $11) 33. Qe4 Rfd8 (33... Qxb3 $2 34. Qxf5 (34. Rxd6 Nxd6 35. Qg6+ Kh8 $18) 34... Qf7 35. Rxd6 cxd6 36. Rb1 $18) 34. Rxd6 Nxd6 35. Qd3 (35. Qc6 $14) 35... Rb8 36. c4 Qh7 37. Qd5+ Qf7 38. Qxa5 Nf5 39. Nd2 Nd4 {[%emt 0:00:12] [#]} (39... Kg7 $11 {remains equal.}) 40. Qc5 (40. b4 $1 $16) 40... Rd8 41. a5 Nc2 ({Black should try} 41... Qh7 $1 $11 42. Ne4 Nf3+ 43. Kf1 Qf5) 42. Re2 ({Better is} 42. Rd1 $14) 42... Nd4 43. Re3 Nf5 {[%emt 0:02:37][%mdl 1024] Black has compensation.} (43... Qd7 {simplifies} 44. Qd5+ Qxd5 45. cxd5 Rxd5 46. Nc4 Rd8) 44. Nf1 (44. Re2 $11) 44... Rd1 $1 $15 45. Rc3 {[%emt 0:00:00] [#]} Nd4 (45... Qd7 $1 $17 {And now ...Nd4 would win.} 46. a6 Qd8) 46. Kg2 $1 $11 Nf3 47. Qc6 Ra1 48. Rxf3 gxf3+ 49. Qxf3 Rxa5 {[%emt 0:00:17][%mdl 4096] Endgame KQR-KQN} 50. Ne3 Ra6 51. Nf5 Kh8 52. b4 Ra4 (52... Qxc4 53. Qxh5+ Kg8 54. Qg6+ Kf8 55. Qg7+ Ke8 56. Qe7#) 53. Qb3 Ra8 54. Qd1 Kh7 (54... Qxc4 {leads to mate.} 55. Qxh5+ Kg8 56. Qg6+ Kf8 57. Qg7+ Ke8 58. Qe7#) 55. Qd3 (55. b5 {with more complications.} Ra3 56. Qd8 Rc3 57. Ne3) 55... Kh8 56. b5 Rb8 57. Ne3 (57. c5 $5 ) 57... Rf8 58. Qe4 Qh7 59. Qd5 (59. Qc6 $5 ) 59... Qf7 60. Qc6 {[%emt 0:01:02] aiming for Nd5.} Qh7 61. Kh2 {[%emt 0:02:24] c5 would be deadly.} (61. c5 $5 ) 61... Qf7 $2 {[%emt 0:01:38][%mdl 8192] Loses the game.} (61... Qg7 $1 $11) 62. Nd5 $18 f5 $2 (62... Qg6 63. Nxc7 (63. Qxc7 Ra8 $18) 63... Qf5) 63. Qxc7 {[%emt 0:00:53] White is clearly winning.} ({Not} 63. Nxc7 f4 $11) 63... Qe6 64. Qe7 Qxe7 65. Nxe7 {[%emt 0:00:01] White wants to mate with Ng6+. KR-KN} Rf7 66. Ng6+ Kg7 67. Nxe5 Re7 68. f4 Kf6 69. b6 Ke6 70. Nc6 Rd7 {[%emt 0:00:22] [#]} 71. b7 $1 {[%emt 0:00:04][%mdl 64] Decoy.   Weighted Error Value: White=0.13 (very precise) /Black=0.14 (very precise)} 1-0